[ AOE2 MATCH · #472255656 ]
Team RMSpanish vs Slavs
[ REPLAY ANALYSIS · EXTRACTED FROM THE RECORDED GAME ]
Feudal
10:32
Castle
14:43
Imperial
—
| APM avg | 26.7 |
| APM peak | 62 |
| eAPM avg | 16.5 |
| Villagers / military | 136 / 22 |
Focus
⚔️ 33.4% · 🌾 66.6%
Petard ×11 · Conquistador ×10 · Mangonel ×1
Feudal
—
Castle
—
Imperial
—
| APM avg | 32.1 |
| APM peak | 64 |
| eAPM avg | 22.5 |
| Villagers / military | 155 / 281 |
Focus
⚔️ 39.2% · 🌾 60.8%
Spearman ×188 · Scout Cavalry ×68 · Huskarl ×17 · Trebuchet (Packed) ×4 · Monk ×2 · Militia ×2
Feudal
11:55
Castle
15:55
Imperial
34:40
| APM avg | 34.4 |
| APM peak | 77 |
| eAPM avg | 16.6 |
| Villagers / military | 210 / 89 |
Focus
⚔️ 20.6% · 🌾 79.4%
Boyar ×55 · Scorpion ×34
Feudal
10:56
Castle
15:30
Imperial
36:27
| APM avg | 60.9 |
| APM peak | 99 |
| eAPM avg | 31.2 |
| Villagers / military | 149 / 151 |
Focus
⚔️ 34.2% · 🌾 65.8%
Camel Scout ×92 · Knight ×39 · Scout Cavalry ×20
Feudal
10:13
Castle
15:40
Imperial
23:12
| APM avg | 26.7 |
| APM peak | 53 |
| eAPM avg | 14.6 |
| Villagers / military | 98 / 75 |
Focus
⚔️ 24.7% · 🌾 75.3%
Hand Cannoneer ×61 · Bombard Cannon ×9 · Organ Gun ×4 · Mangonel ×1
Feudal
11:21
Castle
17:11
Imperial
—
| APM avg | 34.9 |
| APM peak | 107 |
| eAPM avg | 21.3 |
| Villagers / military | 97 / 103 |
Focus
⚔️ 30.8% · 🌾 69.2%
Camel Scout ×56 · Spearman ×28 · Skirmisher ×19
Feudal
11:20
Castle
22:31
Imperial
—
| APM avg | 31.6 |
| APM peak | 64 |
| eAPM avg | 18.7 |
| Villagers / military | 62 / 120 |
Focus
⚔️ 47.9% · 🌾 52.1%
Archer ×93 · Battering Ram ×18 · Eagle Scout ×8 · Spearman ×1
Feudal
12:08
Castle
16:19
Imperial
36:52
| APM avg | 31.3 |
| APM peak | 72 |
| eAPM avg | 20.4 |
| Villagers / military | 133 / 58 |
Focus
⚔️ 22.8% · 🌾 77.2%
Rattan Archer ×58
Match map
Initial resources + every placement click. Lines = walls · curves = elevation contours. ◆ gold · ⬟ stone · ● berries · ✦ relic · ◌ wall gap
Your base
Agus Talleres 2's base
INghost's base
RMXs | TheSpartan280's base· Open — 1t gap
KEFÍRER's base
Big Lez's base
-🆁- KFC's base
害羞的橙子's base
Smoothed initial terrain · ◌ = detected wall gap · hover for details
Inputs per minute
— LALOWMECAMBIO - - Agus Talleres 2
Build order — LALOWMECAMBIO
First 150 of 263 actions detected
| 0:01 | Create | Villager (Male) |
| 0:01 | Create | Villager (Male) |
| 0:02 | Create | Villager (Male) |
| 0:03 | Build | House |
| 0:04 | Build | House |
| 0:21 | Create | Villager (Male) |
| 2:06 | Create | Villager (Male) |
| 2:06 | Create | Villager (Male) |
| 2:07 | Create | Villager (Male) |
| 2:25 | Create | Villager (Male) |
| 2:25 | Create | Villager (Male) |
| 3:14 | Create | Villager (Male) |
| 3:14 | Create | Villager (Male) |
| 3:15 | Create | Villager (Male) |
| 3:25 | Build | House |
| 3:28 | Build | House |
| 3:56 | Create | Villager (Male) |
| 3:56 | Create | Villager (Male) |
| 3:57 | Create | Villager (Male) |
| 4:33 | Build | Lumber Camp |
| 5:09 | Create | Villager (Male) |
| 5:22 | Create | Villager (Male) |
| 5:45 | Create | Villager (Male) |
| 6:17 | Build | Mill |
| 6:42 | Create | Villager (Male) |
| 6:53 | Create | Villager (Male) |
| 7:00 | Create | Villager (Male) |
| 7:00 | Create | Villager (Male) |
| 8:22 | Research | Feudal Age |
| 9:32 | Build | Palisade Wall |
| 9:51 | Build | Palisade Gate |
| 10:06 | Build | House |
| 10:13 | Create | Villager (Male) |
| 10:13 | Create | Villager (Male) |
| 10:32 | Age | Feudal Age |
| 10:38 | Build | Market |
| 10:46 | Build | Blacksmith |
| 11:38 | Research | Loom |
| 11:44 | Research | Castle Age |
| 12:33 | Build | Mining Camp |
| 14:38 | Research | Town Watch |
| 14:39 | Create | Villager (Male) |
| 14:43 | Age | Castle Age |
| 15:39 | Build | Castle |
| 15:54 | Build | Palisade Wall |
| 15:56 | Build | Palisade Wall |
| 16:01 | Create | Villager (Male) |
| 16:13 | Build | Farm |
| 16:14 | Build | Farm |
| 16:26 | Build | Mining Camp |
| 16:49 | Research | Fletching |
| 17:22 | Create | Villager (Male) |
| 17:25 | Build | Farm |
| 17:29 | Build | Farm |
| 17:32 | Build | Farm |
| 17:38 | Build | Farm |
| 17:44 | Build | Farm |
| 17:47 | Create | Conquistador |
| 17:54 | Create | Petard |
| 17:56 | Create | Petard |
| 18:10 | Build | Farm |
| 18:15 | Build | Farm |
| 18:18 | Create | Villager (Male) |
| 18:37 | Build | Farm |
| 18:40 | Create | Petard |
| 18:58 | Build | Building 487 |
| 19:07 | Create | Petard |
| 19:26 | Create | Villager (Male) |
| 19:32 | Build | Farm |
| 19:35 | Build | Farm |
| 19:37 | Build | Farm |
| 19:42 | Create | Petard |
| 20:05 | Create | Petard |
| 20:21 | Build | Farm |
| 20:25 | Research | Horse Collar |
| 20:40 | Create | Petard |
| 20:52 | Create | Petard |
| 20:57 | Create | Villager (Male) |
| 21:02 | Build | Farm |
| 21:03 | Build | Farm |
| 21:08 | Create | Villager (Male) |
| 21:33 | Create | Petard |
| 21:43 | Create | Villager (Male) |
| 21:56 | Create | Petard |
| 22:15 | Create | Villager (Male) |
| 22:22 | Create | Petard |
| 22:54 | Create | Conquistador |
| 22:54 | Create | Conquistador |
| 22:55 | Create | Conquistador |
| 23:06 | Create | Conquistador |
| 23:28 | Create | Conquistador |
| 23:58 | Create | Conquistador |
| 24:09 | Create | Villager (Male) |
| 24:12 | Build | Farm |
| 24:13 | Build | Farm |
| 24:18 | Build | Town Center |
| 24:22 | Build | Town Center |
| 24:26 | Create | Villager (Male) |
| 24:35 | Create | Conquistador |
| 25:10 | Build | Siege Workshop |
| 25:14 | Create | Villager (Male) |
| 25:16 | Create | Villager (Male) |
| 25:17 | Create | Villager (Male) |
| 25:17 | Create | Villager (Male) |
| 25:42 | Create | Conquistador |
| 25:47 | Create | Mangonel |
| 26:43 | Create | Conquistador |
| 27:01 | Research | Wheelbarrow |
| 27:03 | Build | Farm |
| 27:04 | Create | Villager (Male) |
| 27:05 | Create | Villager (Male) |
| 27:06 | Build | Farm |
| 27:07 | Build | Farm |
| 28:16 | Create | Villager (Male) |
| 28:17 | Create | Villager (Male) |
| 28:19 | Create | Villager (Male) |
| 28:19 | Create | Villager (Male) |
| 28:22 | Build | Farm |
| 28:23 | Build | Farm |
| 28:24 | Build | Farm |
| 28:31 | Build | Farm |
| 29:26 | Build | Town Center |
| 29:32 | Create | Villager (Male) |
| 29:32 | Create | Villager (Male) |
| 29:33 | Create | Villager (Male) |
| 29:33 | Create | Villager (Male) |
| 29:34 | Create | Villager (Male) |
| 29:34 | Create | Villager (Male) |
| 29:34 | Create | Villager (Male) |
| 29:35 | Create | Villager (Male) |
| 29:35 | Create | Villager (Male) |
| 29:35 | Create | Villager (Male) |
| 29:35 | Create | Villager (Male) |
| 29:36 | Build | House |
| 30:14 | Create | Villager (Male) |
| 30:15 | Create | Villager (Male) |
| 30:38 | Build | House |
| 30:39 | Build | House |
| 30:40 | Build | House |
| 30:41 | Build | House |
| 30:47 | Research | Hand Cart |
| 30:54 | Create | Villager (Male) |
| 30:54 | Create | Villager (Male) |
| 30:55 | Create | Villager (Male) |
| 30:55 | Create | Villager (Male) |
| 31:05 | Research | Bodkin Arrow |
| 32:16 | Build | House |
| 32:20 | Create | Villager (Male) |
| 32:20 | Create | Villager (Male) |
| 32:21 | Create | Villager (Male) |
Build order — Agus Talleres 2
First 150 of 511 actions detected
| 0:01 | Create | Villager (Male) |
| 0:02 | Create | Villager (Male) |
| 0:03 | Build | House |
| 0:05 | Build | House |
| 0:06 | Create | Villager (Male) |
| 0:06 | Create | Villager (Male) |
| 1:36 | Create | Villager (Male) |
| 1:36 | Create | Villager (Male) |
| 2:01 | Create | Villager (Male) |
| 2:01 | Create | Villager (Male) |
| 2:03 | Create | Villager (Male) |
| 2:42 | Create | Villager (Male) |
| 2:43 | Create | Villager (Male) |
| 2:59 | Create | Villager (Male) |
| 2:59 | Create | Villager (Male) |
| 3:18 | Create | Villager (Male) |
| 3:18 | Create | Villager (Male) |
| 3:38 | Create | Villager (Male) |
| 3:54 | Create | Villager (Male) |
| 4:10 | Build | House |
| 4:28 | Build | Lumber Camp |
| 4:51 | Create | Villager (Male) |
| 4:52 | Create | Villager (Male) |
| 5:02 | Create | Villager (Male) |
| 5:02 | Create | Villager (Male) |
| 5:03 | Create | Villager (Male) |
| 5:03 | Create | Villager (Male) |
| 5:14 | Create | Villager (Male) |
| 5:14 | Create | Villager (Male) |
| 5:29 | Create | Villager (Male) |
| 5:30 | Create | Villager (Male) |
| 5:33 | Build | House |
| 6:48 | Build | Mill |
| 7:09 | Create | Villager (Male) |
| 8:06 | Build | Mining Camp |
| 8:16 | Research | Loom |
| 8:16 | Research | Feudal Age |
| 8:39 | Build | Mill |
| 9:02 | Build | House |
| 9:14 | Build | Farm |
| 10:10 | Create | Villager (Male) |
| 10:39 | Build | Market |
| 10:49 | Create | Villager (Male) |
| 11:00 | Create | Villager (Male) |
| 11:17 | Build | Blacksmith |
| 11:22 | Create | Villager (Male) |
| 12:01 | Build | Palisade Gate |
| 12:09 | Research | Castle Age |
| 12:09 | Research | Castle Age |
| 12:27 | Build | Farm |
| 13:12 | Research | Double-Bit Axe |
| 13:15 | Research | Horse Collar |
| 13:18 | Build | House |
| 14:04 | Create | Villager (Male) |
| 14:04 | Create | Villager (Male) |
| 14:39 | Create | Villager (Male) |
| 15:01 | Build | Town Center |
| 15:10 | Build | Town Center |
| 15:28 | Create | Villager (Male) |
| 15:31 | Build | Farm |
| 15:31 | Create | Villager (Male) |
| 15:52 | Create | Villager (Male) |
| 16:00 | Build | Farm |
| 16:00 | Build | Farm |
| 16:00 | Build | Farm |
| 16:01 | Build | Farm |
| 16:22 | Create | Villager (Male) |
| 16:23 | Create | Villager (Male) |
| 16:30 | Create | Villager (Male) |
| 16:30 | Create | Villager (Male) |
| 16:31 | Create | Villager (Male) |
| 16:42 | Build | Farm |
| 16:42 | Build | Farm |
| 16:42 | Build | Farm |
| 16:43 | Build | Farm |
| 16:45 | Create | Villager (Male) |
| 16:51 | Build | Farm |
| 16:55 | Build | Farm |
| 16:55 | Build | Farm |
| 16:57 | Create | Villager (Male) |
| 17:00 | Build | House |
| 17:01 | Build | House |
| 17:03 | Build | House |
| 17:22 | Create | Villager (Male) |
| 17:23 | Create | Villager (Male) |
| 17:29 | Create | Villager (Male) |
| 17:29 | Create | Villager (Male) |
| 17:29 | Create | Villager (Male) |
| 17:34 | Build | Farm |
| 17:34 | Build | Farm |
| 17:34 | Build | Farm |
| 17:34 | Build | Farm |
| 17:35 | Build | Farm |
| 17:35 | Build | Farm |
| 17:38 | Create | Villager (Male) |
| 17:45 | Build | Farm |
| 17:49 | Create | Villager (Male) |
| 18:07 | Create | Villager (Male) |
| 18:08 | Create | Villager (Male) |
| 18:11 | Build | House |
| 18:12 | Build | House |
| 18:15 | Build | Farm |
| 18:18 | Build | Farm |
| 18:18 | Build | Farm |
| 18:22 | Create | Villager (Male) |
| 18:43 | Create | Villager (Male) |
| 18:44 | Create | Villager (Male) |
| 18:45 | Create | Villager (Male) |
| 18:50 | Build | Barracks |
| 19:00 | Create | Villager (Male) |
| 19:00 | Create | Villager (Male) |
| 19:13 | Create | Villager (Male) |
| 19:16 | Create | Villager (Male) |
| 19:25 | Build | Monastery |
| 19:32 | Create | Villager (Male) |
| 19:47 | Create | Villager (Male) |
| 19:47 | Create | Villager (Male) |
| 20:01 | Create | Villager (Male) |
| 20:02 | Create | Villager (Male) |
| 20:08 | Create | Monk |
| 20:13 | Create | Villager (Male) |
| 20:13 | Create | Villager (Male) |
| 20:27 | Create | Villager (Male) |
| 20:27 | Create | Villager (Male) |
| 20:30 | Create | Villager (Male) |
| 20:33 | Build | House |
| 20:34 | Build | House |
| 20:39 | Build | Farm |
| 20:39 | Build | Farm |
| 20:40 | Build | Farm |
| 20:40 | Build | Farm |
| 20:40 | Build | Farm |
| 20:45 | Create | Villager (Male) |
| 20:46 | Build | Farm |
| 20:46 | Build | Farm |
| 20:51 | Create | Villager (Male) |
| 20:59 | Research | Bow Saw |
| 21:06 | Research | Wheelbarrow |
| 21:20 | Build | Farm |
| 21:24 | Create | Villager (Male) |
| 21:24 | Create | Villager (Male) |
| 21:28 | Create | Villager (Male) |
| 21:28 | Create | Villager (Male) |
| 21:31 | Build | Mining Camp |
| 21:34 | Research | Gold Mining |
| 21:39 | Create | Villager (Male) |
| 22:14 | Create | Monk |
| 22:21 | Create | Villager (Male) |
| 22:22 | Create | Villager (Male) |
| 22:22 | Create | Villager (Male) |
Build order — INghost
First 150 of 347 actions detected
| 0:02 | Create | Villager (Male) ×4 |
| 0:02 | Create | Villager (Male) ×4 |
| 0:03 | Build | House |
| 0:05 | Build | House |
| 1:35 | Create | Villager (Male) |
| 1:35 | Create | Villager (Male) |
| 2:03 | Build | Lumber Camp |
| 2:08 | Create | Villager (Male) |
| 2:08 | Create | Villager (Male) |
| 2:31 | Create | Villager (Male) |
| 2:31 | Create | Villager (Male) |
| 2:59 | Create | Villager (Male) |
| 3:00 | Create | Villager (Male) |
| 3:27 | Create | Villager (Male) |
| 3:27 | Create | Villager (Male) |
| 3:27 | Create | Villager (Male) |
| 3:32 | Build | House |
| 3:34 | Build | House |
| 3:53 | Create | Villager (Male) |
| 3:53 | Create | Villager (Male) |
| 4:04 | Build | Mill |
| 4:05 | Create | Villager (Male) |
| 4:05 | Create | Villager (Male) |
| 4:43 | Create | Villager (Male) |
| 4:59 | Build | House |
| 5:10 | Create | Villager (Male) |
| 5:10 | Create | Villager (Male) |
| 5:21 | Create | Villager (Male) |
| 5:21 | Create | Villager (Male) |
| 5:47 | Create | Villager (Male) |
| 5:47 | Create | Villager (Male) |
| 6:12 | Create | Villager (Male) |
| 6:13 | Create | Villager (Male) |
| 6:25 | Create | Villager (Male) |
| 6:25 | Create | Villager (Male) |
| 6:55 | Build | Building 796 |
| 6:59 | Build | Palisade Wall |
| 7:01 | Build | Palisade Wall |
| 7:04 | Create | Villager (Male) |
| 7:04 | Create | Villager (Male) |
| 7:05 | Create | Villager (Male) |
| 7:05 | Create | Villager (Male) |
| 7:05 | Create | Villager (Male) |
| 7:08 | Create | Villager (Male) |
| 7:08 | Create | Villager (Male) |
| 7:17 | Create | Villager (Male) |
| 7:37 | Create | Villager (Male) |
| 7:37 | Create | Villager (Male) |
| 7:44 | Create | Villager (Male) |
| 7:44 | Create | Villager (Male) |
| 9:00 | Build | Mining Camp |
| 9:36 | Research | Feudal Age |
| 9:36 | Research | Feudal Age |
| 10:53 | Build | Farm |
| 10:54 | Build | Farm |
| 10:55 | Build | Farm |
| 11:40 | Create | Villager (Male) |
| 11:55 | Age | Feudal Age |
| 11:56 | Research | Double-Bit Axe |
| 11:59 | Build | Market |
| 12:00 | Build | Blacksmith |
| 12:11 | Build | House |
| 12:15 | Create | Villager (Male) |
| 12:21 | Build | Farm |
| 12:47 | Create | Villager (Male) |
| 12:51 | Build | Farm |
| 13:04 | Create | Villager (Male) |
| 13:15 | Research | Castle Age |
| 13:16 | Build | Farm |
| 13:20 | Build | Mining Camp |
| 13:55 | Research | Horse Collar |
| 14:14 | Research | Wheelbarrow |
| 15:55 | Age | Castle Age |
| 15:57 | Create | Villager (Male) |
| 16:03 | Research | Bow Saw |
| 16:06 | Create | Villager (Male) |
| 16:49 | Build | Castle |
| 16:56 | Create | Villager (Male) |
| 16:57 | Create | Villager (Male) |
| 17:22 | Build | House |
| 17:23 | Build | House |
| 17:44 | Create | Villager (Male) |
| 17:55 | Build | Town Center |
| 18:11 | Build | House |
| 18:14 | Build | House |
| 18:19 | Create | Villager (Male) |
| 18:22 | Build | Farm |
| 18:22 | Build | Farm |
| 18:38 | Create | Villager (Male) |
| 18:46 | Create | Villager (Male) |
| 18:49 | Build | Farm |
| 19:22 | Build | Farm |
| 19:24 | Build | Farm |
| 19:26 | Create | Villager (Male) |
| 19:31 | Create | Villager (Male) |
| 19:43 | Build | Farm |
| 19:45 | Build | Farm |
| 20:07 | Build | Town Center |
| 20:19 | Build | Farm |
| 20:23 | Build | Farm |
| 20:29 | Create | Villager (Male) |
| 20:30 | Create | Villager (Male) ×5 |
| 20:43 | Build | Farm |
| 20:53 | Build | Farm |
| 21:01 | Create | Villager (Male) ×5 |
| 21:06 | Build | Farm |
| 21:06 | Build | Farm |
| 21:07 | Build | Farm |
| 21:07 | Build | Farm |
| 21:07 | Build | Farm |
| 21:08 | Build | Farm |
| 21:21 | Build | Farm |
| 21:24 | Build | Farm |
| 21:28 | Build | Farm |
| 21:33 | Build | Farm |
| 21:34 | Create | Villager (Male) |
| 21:36 | Create | Boyar |
| 21:36 | Create | Boyar |
| 21:38 | Research | Gold Mining |
| 21:39 | Create | Villager (Male) |
| 22:12 | Create | Villager (Male) ×5 |
| 22:13 | Build | Farm |
| 22:14 | Build | Farm |
| 22:14 | Build | Farm |
| 22:14 | Build | Farm |
| 22:26 | Build | Farm |
| 22:27 | Build | Farm |
| 22:37 | Create | Boyar |
| 22:37 | Create | Boyar |
| 22:39 | Research | Gold Shaft Mining |
| 23:06 | Build | Farm |
| 23:06 | Build | Farm |
| 23:07 | Build | Farm |
| 23:08 | Build | Farm |
| 23:20 | Create | Villager (Male) |
| 23:22 | Build | Farm |
| 23:34 | Create | Villager (Male) |
| 23:36 | Build | Farm |
| 23:42 | Create | Villager (Male) |
| 23:42 | Create | Villager (Male) |
| 23:43 | Create | Villager (Male) ×5 |
| 23:43 | Create | Villager (Male) ×5 |
| 23:46 | Create | Villager (Male) |
| 23:50 | Build | Farm |
| 24:05 | Build | Farm |
| 24:20 | Create | Villager (Male) |
| 24:24 | Create | Boyar |
| 24:24 | Create | Boyar |
| 24:37 | Build | Barracks |
| 24:41 | Research | Heavy Plow |
Build order — RMXs | TheSpartan280
First 150 of 375 actions detected
| 0:00 | Create | Villager (Male) |
| 0:01 | Create | Villager (Male) |
| 0:02 | Build | House |
| 0:03 | Build | House |
| 0:10 | Create | Villager (Male) |
| 0:26 | Create | Villager (Male) |
| 1:32 | Create | Villager (Male) |
| 1:32 | Create | Villager (Male) |
| 1:48 | Build | Lumber Camp |
| 1:54 | Create | Villager (Male) |
| 1:55 | Create | Villager (Male) |
| 2:21 | Create | Villager (Male) |
| 2:32 | Create | Villager (Male) |
| 2:33 | Create | Villager (Male) |
| 3:03 | Create | Villager (Male) |
| 3:03 | Create | Villager (Male) |
| 3:12 | Create | Villager (Male) |
| 3:55 | Build | House |
| 4:03 | Create | Villager (Male) |
| 4:03 | Create | Villager (Male) |
| 4:18 | Create | Villager (Male) |
| 4:18 | Create | Villager (Male) |
| 4:18 | Create | Villager (Male) |
| 4:26 | Build | House |
| 4:40 | Create | Villager (Male) |
| 4:56 | Build | Mill |
| 5:36 | Create | Villager (Male) |
| 5:59 | Create | Villager (Male) |
| 6:30 | Create | Villager (Male) |
| 6:41 | Create | Villager (Male) |
| 6:48 | Create | Villager (Male) |
| 7:00 | Create | Villager (Male) |
| 7:39 | Build | Mining Camp |
| 8:14 | Create | Villager (Male) |
| 8:15 | Research | Feudal Age |
| 8:21 | Build | Farm |
| 8:23 | Build | Farm |
| 9:22 | Create | Villager (Male) |
| 9:23 | Build | Farm |
| 9:47 | Build | House |
| 10:34 | Build | House |
| 10:56 | Age | Feudal Age |
| 11:03 | Build | Palisade Wall |
| 11:04 | Build | Palisade Wall |
| 11:21 | Build | Market |
| 11:25 | Create | Villager (Male) |
| 11:25 | Create | Villager (Male) |
| 11:47 | Build | Blacksmith |
| 11:53 | Build | Farm |
| 11:55 | Build | Farm |
| 12:25 | Create | Villager (Male) |
| 12:38 | Build | Farm |
| 12:41 | Build | Farm |
| 12:41 | Research | Castle Age |
| 13:13 | Build | Barracks |
| 13:26 | Research | Double-Bit Axe |
| 14:00 | Create | Villager (Male) |
| 14:09 | Research | Horse Collar |
| 14:21 | Build | House |
| 14:44 | Build | Stable |
| 15:30 | Age | Castle Age |
| 15:47 | Create | Villager (Male) |
| 15:54 | Build | Town Center |
| 16:02 | Create | Knight |
| 16:04 | Create | Knight |
| 16:11 | Research | Wheelbarrow |
| 16:17 | Build | Building 796 |
| 16:19 | Create | Villager (Male) |
| 16:48 | Create | Villager (Male) |
| 16:50 | Research | Bow Saw |
| 16:54 | Create | Knight |
| 17:07 | Create | Knight |
| 17:09 | Create | Villager (Male) |
| 17:09 | Create | Villager (Male) |
| 17:48 | Create | Villager (Male) |
| 17:58 | Build | Town Center |
| 18:04 | Create | Knight |
| 18:07 | Create | Villager (Male) |
| 18:10 | Build | House |
| 18:19 | Build | Farm |
| 18:19 | Build | Farm |
| 18:21 | Create | Villager (Male) |
| 18:40 | Create | Knight |
| 18:43 | Create | Villager (Male) |
| 18:45 | Build | Farm |
| 18:50 | Build | Farm |
| 18:51 | Create | Villager (Male) |
| 19:08 | Create | Villager (Male) |
| 19:17 | Build | House |
| 19:22 | Create | Villager (Male) |
| 19:34 | Create | Camel Scout |
| 19:37 | Create | Knight |
| 19:39 | Create | Villager (Male) |
| 19:41 | Build | Farm |
| 19:41 | Build | Farm |
| 19:41 | Build | Farm |
| 19:42 | Build | Farm |
| 19:55 | Create | Villager (Male) |
| 20:07 | Research | Scale Barding Armor |
| 20:08 | Research | Scale Barding Armor |
| 20:28 | Create | Villager (Male) |
| 20:51 | Research | Loom |
| 20:52 | Create | Villager (Male) |
| 21:02 | Research | Bloodlines |
| 21:05 | Build | Farm |
| 21:07 | Build | Farm |
| 21:10 | Create | Villager (Male) |
| 21:57 | Create | Villager (Male) |
| 21:58 | Create | Villager (Male) |
| 21:58 | Create | Villager (Male) |
| 21:58 | Create | Villager (Male) |
| 21:59 | Create | Villager (Male) |
| 22:00 | Build | House |
| 22:01 | Build | Farm |
| 22:03 | Create | Villager (Male) |
| 22:06 | Build | House |
| 22:07 | Build | Stable |
| 22:10 | Build | Stable |
| 22:15 | Research | Heavy Plow |
| 22:15 | Research | Heavy Plow |
| 22:30 | Build | Farm |
| 22:31 | Create | Villager (Male) |
| 22:31 | Create | Villager (Male) |
| 22:36 | Build | Farm |
| 22:36 | Build | Farm |
| 22:37 | Build | Farm |
| 22:37 | Build | Farm |
| 22:37 | Build | Farm |
| 22:37 | Build | Farm |
| 22:38 | Create | Villager (Male) |
| 22:39 | Build | Farm |
| 22:40 | Build | Farm |
| 22:40 | Build | Farm |
| 22:48 | Create | Camel Scout |
| 22:54 | Create | Villager (Male) |
| 23:00 | Build | Farm |
| 23:01 | Build | Farm |
| 23:01 | Build | Farm |
| 23:11 | Build | Farm |
| 23:12 | Create | Villager (Male) |
| 23:18 | Create | Camel Scout ×2 |
| 23:23 | Build | Farm |
| 23:26 | Build | Farm |
| 23:32 | Build | House |
| 23:33 | Build | House |
| 23:33 | Build | House |
| 23:34 | Build | House |
| 23:47 | Research | Husbandry |
| 23:53 | Create | Villager (Male) |
| 24:01 | Create | Villager (Male) |
Build order — KEFÍRER
First 150 of 232 actions detected
| 0:00 | Create | Villager (Male) |
| 0:01 | Create | Villager (Male) |
| 0:01 | Create | Villager (Male) |
| 0:03 | Build | House |
| 0:04 | Build | House |
| 0:25 | Create | Villager (Male) |
| 1:07 | Create | Villager (Male) |
| 2:03 | Create | Villager (Male) |
| 2:04 | Create | Villager (Male) |
| 2:22 | Create | Villager (Male) |
| 2:25 | Build | Lumber Camp |
| 2:42 | Create | Villager (Male) |
| 3:07 | Create | Villager (Male) |
| 3:16 | Create | Villager (Male) |
| 3:33 | Build | House |
| 4:01 | Build | Palisade Wall |
| 4:10 | Create | Villager (Male) |
| 4:10 | Create | Villager (Male) |
| 4:11 | Create | Villager (Male) |
| 4:34 | Build | Palisade Wall |
| 4:44 | Build | Mill |
| 5:01 | Create | Villager (Male) |
| 5:01 | Create | Villager (Male) |
| 5:05 | Build | House |
| 5:18 | Create | Villager (Male) |
| 5:24 | Build | Palisade Wall |
| 5:52 | Build | House |
| 6:17 | Build | Building 796 |
| 6:19 | Create | Villager (Male) |
| 6:20 | Create | Villager (Male) |
| 6:36 | Build | Palisade Wall |
| 7:03 | Create | Villager (Male) |
| 7:14 | Build | House |
| 7:31 | Build | House |
| 7:38 | Create | Villager (Male) |
| 7:57 | Build | Mining Camp |
| 8:01 | Research | Feudal Age |
| 9:46 | Build | Farm |
| 9:47 | Build | Farm |
| 9:56 | Build | Farm |
| 10:00 | Create | Villager (Male) |
| 10:01 | Create | Villager (Male) |
| 10:12 | Build | Farm |
| 10:13 | Age | Feudal Age |
| 10:17 | Research | Double-Bit Axe |
| 10:20 | Build | Farm |
| 10:36 | Build | Farm |
| 11:06 | Build | Market |
| 11:12 | Create | Villager (Male) |
| 11:40 | Create | Villager (Male) |
| 11:45 | Build | Blacksmith |
| 11:58 | Build | Farm |
| 12:07 | Create | Villager (Male) |
| 12:21 | Build | Farm |
| 12:27 | Create | Villager (Male) |
| 12:33 | Build | House |
| 12:43 | Build | Farm |
| 13:00 | Research | Castle Age |
| 13:05 | Research | Loom |
| 13:09 | Build | Mining Camp |
| 14:24 | Research | Horse Collar |
| 15:07 | Create | Villager (Male) |
| 15:40 | Age | Castle Age |
| 15:42 | Create | Villager (Male) |
| 15:43 | Create | Villager (Male) |
| 16:09 | Build | Castle |
| 16:21 | Build | Farm |
| 16:25 | Build | Farm |
| 16:29 | Research | Bow Saw |
| 16:49 | Research | Fletching |
| 17:01 | Create | Villager (Male) |
| 17:02 | Create | Villager (Male) |
| 17:14 | Build | Farm |
| 17:17 | Build | Farm |
| 17:18 | Build | Farm |
| 17:20 | Build | Farm |
| 17:40 | Build | Farm |
| 18:04 | Build | Farm |
| 18:08 | Create | Villager (Male) |
| 18:09 | Create | Villager (Male) |
| 18:13 | Build | Farm |
| 18:25 | Build | Farm |
| 19:11 | Create | Villager (Male) |
| 19:12 | Create | Villager (Male) |
| 19:29 | Build | House |
| 20:02 | Research | Imperial Age |
| 20:36 | Research | Fletching |
| 20:58 | Create | Organ Gun |
| 21:12 | Create | Organ Gun |
| 21:40 | Research | Bow Saw |
| 21:44 | Create | Organ Gun |
| 22:17 | Create | Organ Gun |
| 23:08 | Build | Stone Wall |
| 23:12 | Age | Imperial Age |
| 23:17 | Build | Siege Workshop |
| 23:33 | Build | Stone Wall |
| 23:37 | Create | Villager (Male) |
| 23:38 | Create | Villager (Male) |
| 23:41 | Build | University |
| 24:01 | Build | Stone Wall |
| 24:06 | Create | Villager (Male) |
| 24:17 | Create | Mangonel |
| 24:36 | Research | Chemistry |
| 24:45 | Build | Lumber Camp |
| 25:01 | Create | Villager (Male) |
| 25:01 | Create | Villager (Male) |
| 25:08 | Research | Gold Mining |
| 25:27 | Create | Villager (Male) |
| 25:55 | Build | House |
| 25:56 | Build | House |
| 25:59 | Create | Bombard Cannon |
| 26:08 | Create | Villager (Male) |
| 26:13 | Create | Bombard Cannon |
| 26:31 | Build | House |
| 26:32 | Build | House |
| 26:43 | Create | Villager (Male) |
| 26:44 | Create | Villager (Male) |
| 26:45 | Research | Wheelbarrow |
| 27:11 | Create | Bombard Cannon |
| 27:27 | Create | Villager (Male) |
| 27:47 | Create | Villager (Male) |
| 28:06 | Create | Villager (Male) |
| 28:18 | Build | House |
| 28:23 | Build | House |
| 28:33 | Build | Feitoria |
| 28:34 | Create | Villager (Male) |
| 28:34 | Create | Villager (Male) |
| 28:47 | Research | Hand Cart |
| 28:49 | Create | Villager (Male) |
| 28:53 | Build | House |
| 28:54 | Build | House |
| 29:34 | Create | Villager (Male) |
| 29:40 | Build | Town Center |
| 29:48 | Build | Barracks |
| 30:22 | Create | Villager (Male) |
| 30:36 | Build | Feitoria |
| 30:38 | Create | Villager (Male) |
| 30:39 | Create | Villager (Male) |
| 30:54 | Build | Archery Range |
| 30:57 | Build | House |
| 30:57 | Build | House |
| 30:59 | Create | Villager (Male) |
| 31:33 | Create | Villager (Male) |
| 31:34 | Create | Villager (Male) |
| 31:36 | Build | Archery Range |
| 31:59 | Create | Bombard Cannon |
| 32:02 | Create | Hand Cannoneer ×5 |
| 32:03 | Create | Villager (Male) |
| 32:03 | Create | Villager (Male) |
| 32:10 | Build | Mining Camp |
Build order — Big Lez
First 150 of 300 actions detected
| 0:02 | Create | Villager (Male) |
| 0:02 | Create | Villager (Male) |
| 0:04 | Build | House |
| 0:05 | Build | House |
| 0:29 | Create | Villager (Male) |
| 0:29 | Create | Villager (Male) |
| 1:24 | Create | Villager (Male) |
| 1:55 | Build | Lumber Camp |
| 2:03 | Create | Villager (Male) |
| 2:24 | Create | Villager (Male) |
| 2:49 | Create | Villager (Male) |
| 3:02 | Build | House |
| 3:04 | Build | House |
| 3:09 | Create | Villager (Male) |
| 3:36 | Create | Villager (Male) |
| 4:09 | Create | Villager (Male) |
| 4:25 | Build | Mill |
| 4:33 | Create | Villager (Male) |
| 4:33 | Create | Villager (Male) |
| 4:34 | Create | Villager (Male) |
| 4:37 | Create | Villager (Male) |
| 5:31 | Create | Villager (Male) |
| 5:31 | Create | Villager (Male) |
| 5:31 | Create | Villager (Male) |
| 5:46 | Create | Villager (Male) |
| 6:08 | Create | Villager (Male) |
| 6:56 | Create | Villager (Male) |
| 6:57 | Create | Villager (Male) |
| 6:58 | Create | Villager (Male) |
| 6:59 | Research | Loom |
| 7:40 | Build | Mining Camp |
| 8:17 | Build | House |
| 8:19 | Build | House |
| 8:48 | Build | Barracks |
| 8:53 | Build | Palisade Gate |
| 9:03 | Research | Feudal Age |
| 9:32 | Create | Villager (Male) |
| 9:32 | Create | Villager (Male) |
| 10:28 | Build | Farm |
| 10:30 | Build | Farm |
| 10:34 | Build | Farm |
| 10:36 | Build | Farm |
| 11:21 | Age | Feudal Age |
| 11:39 | Build | Market |
| 11:46 | Build | Blacksmith |
| 12:04 | Build | Blacksmith |
| 12:08 | Build | Farm |
| 12:11 | Build | Farm |
| 12:13 | Build | Farm |
| 12:15 | Create | Villager (Male) |
| 12:22 | Build | Farm |
| 12:41 | Build | Farm |
| 12:43 | Create | Villager (Male) |
| 13:02 | Create | Villager (Male) |
| 13:27 | Create | Villager (Male) |
| 13:36 | Build | Farm |
| 13:53 | Create | Villager (Male) |
| 14:01 | Build | Farm |
| 14:27 | Build | Farm |
| 14:31 | Research | Castle Age |
| 14:53 | Research | Horse Collar |
| 14:59 | Build | Farm |
| 15:03 | Build | Farm |
| 15:06 | Build | Farm |
| 15:10 | Research | Double-Bit Axe |
| 15:19 | Create | Villager (Male) |
| 15:23 | Build | Farm |
| 15:43 | Build | Farm |
| 16:24 | Create | Villager (Male) |
| 16:30 | Research | Gold Mining |
| 16:34 | Research | Scale Barding Armor |
| 17:11 | Age | Castle Age |
| 17:14 | Build | Town Center |
| 17:20 | Research | Bow Saw |
| 17:24 | Research | Heavy Plow |
| 17:26 | Create | Villager (Male) |
| 18:01 | Build | Farm |
| 18:04 | Create | Villager (Male) |
| 18:04 | Create | Villager (Male) |
| 18:35 | Create | Villager (Male) |
| 18:46 | Build | Stable |
| 18:49 | Create | Villager (Male) |
| 18:49 | Create | Villager (Male) |
| 18:50 | Create | Villager (Male) |
| 18:51 | Create | Villager (Male) |
| 19:04 | Create | Villager (Male) |
| 19:06 | Create | Villager (Male) |
| 19:16 | Create | Villager (Male) |
| 19:16 | Create | Villager (Male) |
| 19:18 | Build | Farm |
| 19:20 | Build | Farm |
| 19:23 | Build | Farm |
| 19:33 | Create | Villager (Male) |
| 19:37 | Research | Gold Shaft Mining |
| 19:43 | Build | Farm |
| 19:53 | Research | Husbandry |
| 19:59 | Build | House |
| 20:17 | Research | Forging |
| 20:27 | Create | Camel Scout |
| 20:34 | Build | House |
| 20:42 | Build | Stable |
| 20:49 | Create | Villager (Male) |
| 20:49 | Create | Villager (Male) |
| 20:50 | Create | Villager (Male) |
| 20:58 | Create | Camel Scout |
| 21:16 | Create | Villager (Male) |
| 21:17 | Create | Villager (Male) |
| 21:25 | Create | Camel Scout |
| 21:25 | Create | Camel Scout |
| 21:41 | Create | Villager (Male) |
| 21:44 | Build | House |
| 21:44 | Build | House |
| 21:48 | Build | House |
| 21:49 | Build | House |
| 21:50 | Build | House |
| 21:57 | Create | Villager (Male) |
| 21:58 | Create | Villager (Male) |
| 22:04 | Build | Town Center |
| 22:08 | Create | Villager (Male) |
| 22:08 | Create | Camel Scout |
| 22:09 | Create | Camel Scout |
| 22:36 | Create | Villager (Male) |
| 22:37 | Create | Villager (Male) |
| 22:49 | Research | Chain Barding Armor |
| 22:50 | Research | Chain Barding Armor |
| 23:01 | Create | Villager (Male) |
| 23:03 | Create | Villager (Male) |
| 23:08 | Create | Camel Scout |
| 23:08 | Create | Camel Scout |
| 23:25 | Create | Villager (Male) |
| 23:25 | Create | Villager (Male) |
| 23:27 | Create | Villager (Male) |
| 23:27 | Create | Villager (Male) |
| 23:30 | Build | Farm |
| 23:32 | Build | Farm |
| 23:34 | Build | Farm |
| 23:38 | Build | Farm |
| 23:40 | Build | Farm |
| 23:49 | Build | Farm |
| 23:53 | Research | Wheelbarrow |
| 23:54 | Create | Villager (Male) |
| 23:55 | Create | Camel Scout |
| 23:55 | Create | Camel Scout |
| 24:16 | Create | Camel Scout |
| 24:16 | Create | Camel Scout |
| 24:18 | Create | Camel Scout |
| 24:27 | Build | Mill |
| 24:30 | Create | Villager (Male) |
| 24:31 | Create | Villager (Male) |
| 24:33 | Build | Farm |
Build order — -🆁- KFC
First 150 of 270 actions detected
| 0:01 | Create | Villager (Male) |
| 0:01 | Create | Villager (Male) |
| 0:01 | Create | Villager (Male) |
| 0:02 | Build | House |
| 0:04 | Build | House |
| 1:28 | Create | Villager (Male) |
| 1:29 | Create | Villager (Male) |
| 1:42 | Build | Lumber Camp |
| 2:08 | Create | Villager (Male) |
| 2:09 | Create | Villager (Male) |
| 2:57 | Create | Villager (Male) |
| 2:57 | Create | Villager (Male) |
| 3:16 | Create | Villager (Male) |
| 3:16 | Create | Villager (Male) |
| 3:31 | Build | Palisade Wall |
| 3:44 | Build | Building 796 |
| 3:54 | Create | Villager (Male) |
| 3:54 | Create | Villager (Male) |
| 3:55 | Create | Villager (Male) |
| 4:11 | Build | House |
| 4:32 | Create | Villager (Male) |
| 4:32 | Create | Villager (Male) |
| 5:08 | Create | Villager (Male) |
| 5:08 | Create | Villager (Male) |
| 5:09 | Create | Villager (Male) |
| 5:25 | Build | House |
| 6:02 | Create | Villager (Male) |
| 6:03 | Create | Villager (Male) |
| 6:07 | Build | House |
| 6:38 | Build | House |
| 6:48 | Build | Mill |
| 7:00 | Create | Villager (Male) |
| 7:02 | Create | Villager (Male) |
| 7:11 | Build | House |
| 7:44 | Build | House |
| 7:54 | Build | Mining Camp |
| 7:56 | Create | Villager (Male) |
| 8:39 | Create | Villager (Male) |
| 9:10 | Research | Feudal Age |
| 9:18 | Build | Farm |
| 9:20 | Build | Farm |
| 9:27 | Build | Barracks |
| 10:40 | Create | Villager (Male) |
| 10:40 | Create | Villager (Male) |
| 10:56 | Build | Farm |
| 11:20 | Age | Feudal Age |
| 11:24 | Build | Archery Range |
| 11:31 | Research | Double-Bit Axe |
| 11:41 | Create | Villager (Male) |
| 11:42 | Create | Villager (Male) |
| 11:42 | Create | Villager (Male) |
| 11:59 | Research | Gold Mining |
| 12:12 | Create | Villager (Male) |
| 12:12 | Create | Villager (Male) |
| 12:13 | Create | Archer |
| 12:14 | Create | Archer |
| 12:14 | Create | Archer |
| 12:53 | Create | Villager (Male) |
| 12:56 | Create | Archer |
| 13:03 | Build | Archery Range |
| 13:24 | Create | Villager (Male) |
| 13:28 | Create | Archer |
| 13:39 | Create | Archer |
| 13:39 | Create | Archer |
| 13:44 | Create | Villager (Male) |
| 13:53 | Build | Blacksmith |
| 14:20 | Create | Archer |
| 14:22 | Create | Archer |
| 14:22 | Create | Archer |
| 14:29 | Create | Villager (Male) |
| 14:30 | Create | Villager (Male) |
| 14:35 | Create | Eagle Scout |
| 14:37 | Create | Eagle Scout |
| 14:40 | Research | Fletching |
| 14:52 | Create | Spearman |
| 15:05 | Create | Archer |
| 15:08 | Research | Forging |
| 15:24 | Build | House |
| 15:25 | Build | House |
| 15:26 | Build | House |
| 16:15 | Build | Farm |
| 16:16 | Create | Villager (Male) |
| 16:16 | Create | Villager (Male) |
| 16:20 | Build | House |
| 16:22 | Build | Farm |
| 16:57 | Build | Farm |
| 17:06 | Build | Farm |
| 17:10 | Build | Farm |
| 17:11 | Build | Farm |
| 17:11 | Build | Farm |
| 17:11 | Build | Farm |
| 17:12 | Build | Farm |
| 17:12 | Build | Farm |
| 17:43 | Create | Eagle Scout |
| 17:43 | Create | Eagle Scout |
| 17:54 | Build | Farm |
| 17:58 | Create | Villager (Male) |
| 17:59 | Create | Villager (Male) |
| 18:04 | Build | Market |
| 18:15 | Create | Archer |
| 18:15 | Create | Archer |
| 18:16 | Create | Archer |
| 18:18 | Create | Eagle Scout |
| 18:54 | Build | Farm |
| 18:57 | Build | Farm |
| 19:01 | Create | Villager (Male) |
| 19:02 | Create | Villager (Male) |
| 19:02 | Create | Villager (Male) |
| 19:09 | Create | Eagle Scout |
| 19:12 | Create | Archer |
| 19:12 | Create | Archer |
| 19:48 | Research | Castle Age |
| 21:53 | Research | Padded Archer Armor |
| 21:59 | Create | Archer |
| 22:00 | Create | Archer |
| 22:00 | Create | Archer |
| 22:04 | Build | Archery Range |
| 22:13 | Create | Villager (Male) |
| 22:14 | Create | Villager (Male) |
| 22:31 | Age | Castle Age |
| 22:35 | Research | Crossbowman (upgrade) |
| 22:36 | Research | Thumb Ring |
| 22:39 | Research | Bodkin Arrow |
| 22:50 | Create | Villager (Male) |
| 22:54 | Create | Archer |
| 22:55 | Create | Archer |
| 23:04 | Build | University |
| 23:26 | Build | Lumber Camp |
| 23:31 | Create | Villager (Male) |
| 24:14 | Research | Leather Archer Armor |
| 24:27 | Research | Ballistics |
| 24:36 | Create | Archer |
| 24:37 | Create | Archer |
| 24:37 | Create | Archer |
| 24:44 | Build | House |
| 24:45 | Build | House |
| 24:46 | Build | House |
| 24:47 | Build | House |
| 24:48 | Build | House |
| 26:24 | Create | Archer |
| 26:24 | Create | Archer |
| 26:25 | Create | Archer |
| 26:25 | Create | Archer |
| 26:26 | Create | Archer |
| 26:26 | Create | Archer |
| 26:31 | Create | Archer |
| 26:31 | Create | Archer |
| 26:32 | Create | Archer |
| 26:32 | Create | Archer |
| 26:32 | Create | Archer |
Build order — 害羞的橙子
First 150 of 328 actions detected
| 0:02 | Create | Villager (Male) |
| 0:04 | Build | House |
| 0:05 | Build | House |
| 0:21 | Create | Villager (Male) |
| 0:21 | Create | Villager (Male) |
| 0:23 | Create | Villager (Male) |
| 1:27 | Create | Villager (Male) |
| 1:27 | Create | Villager (Male) |
| 1:27 | Create | Villager (Male) |
| 2:01 | Build | Lumber Camp |
| 2:03 | Create | Villager (Male) |
| 2:03 | Create | Villager (Male) |
| 2:19 | Create | Villager (Male) |
| 2:19 | Create | Villager (Male) |
| 2:55 | Create | Villager (Male) |
| 2:55 | Create | Villager (Male) |
| 2:55 | Create | Villager (Male) |
| 3:08 | Create | Villager (Male) |
| 3:08 | Create | Villager (Male) |
| 3:09 | Create | Villager (Male) |
| 3:27 | Build | House |
| 3:45 | Create | Villager (Male) |
| 3:45 | Create | Villager (Male) |
| 3:55 | Create | Villager (Male) |
| 3:55 | Create | Villager (Male) |
| 3:55 | Create | Villager (Male) |
| 3:58 | Research | Loom |
| 4:26 | Build | Mill |
| 4:42 | Build | Palisade Wall |
| 4:54 | Create | Villager (Male) |
| 4:54 | Create | Villager (Male) |
| 5:16 | Build | Palisade Gate |
| 5:29 | Create | Villager (Male) |
| 5:29 | Create | Villager (Male) |
| 5:29 | Create | Villager (Male) |
| 5:44 | Build | House |
| 5:53 | Create | Villager (Male) |
| 5:53 | Create | Villager (Male) |
| 5:54 | Create | Villager (Male) |
| 6:16 | Create | Villager (Male) |
| 6:16 | Create | Villager (Male) |
| 6:29 | Build | House |
| 6:31 | Create | Villager (Male) |
| 6:31 | Create | Villager (Male) |
| 6:57 | Create | Villager (Male) |
| 6:57 | Create | Villager (Male) |
| 7:34 | Build | Palisade Wall |
| 8:21 | Build | Mining Camp |
| 8:33 | Create | Villager (Male) |
| 8:37 | Create | Villager (Male) |
| 8:37 | Create | Villager (Male) |
| 8:37 | Create | Villager (Male) |
| 9:13 | Build | Mill |
| 9:17 | Create | Villager (Male) |
| 9:58 | Research | Feudal Age |
| 10:58 | Create | Villager (Male) |
| 10:58 | Create | Villager (Male) |
| 10:59 | Create | Villager (Male) |
| 12:06 | Create | Villager (Male) |
| 12:08 | Age | Feudal Age |
| 12:13 | Build | Market |
| 12:22 | Build | Blacksmith |
| 13:39 | Research | Castle Age |
| 13:40 | Research | Castle Age |
| 14:11 | Research | Horse Collar |
| 14:11 | Research | Horse Collar |
| 14:11 | Research | Horse Collar |
| 14:18 | Build | Farm |
| 14:20 | Build | Farm |
| 14:21 | Build | Farm |
| 14:22 | Build | Farm |
| 14:41 | Build | Farm |
| 14:45 | Build | Farm |
| 14:47 | Build | Farm |
| 15:06 | Build | House |
| 15:06 | Research | Double-Bit Axe |
| 15:09 | Create | Villager (Male) |
| 15:16 | Build | House |
| 15:17 | Build | House |
| 15:23 | Create | Villager (Male) |
| 15:33 | Build | Farm |
| 15:39 | Build | Farm |
| 15:41 | Build | Farm |
| 15:42 | Build | Farm |
| 15:48 | Build | Farm |
| 15:50 | Build | Farm |
| 16:02 | Create | Villager (Male) |
| 16:02 | Create | Villager (Male) |
| 16:10 | Create | Villager (Male) |
| 16:10 | Create | Villager (Male) |
| 16:19 | Age | Castle Age |
| 16:23 | Build | Town Center |
| 16:33 | Research | Bow Saw |
| 16:34 | Research | Bow Saw |
| 17:01 | Build | Stone Wall |
| 17:05 | Create | Villager (Male) |
| 17:13 | Build | Farm |
| 17:16 | Build | Farm |
| 17:27 | Build | House |
| 17:41 | Create | Villager (Male) |
| 17:44 | Create | Villager (Male) |
| 17:45 | Create | Villager (Male) |
| 17:54 | Build | House |
| 18:04 | Build | Stone Wall |
| 18:11 | Create | Villager (Male) |
| 18:12 | Create | Villager (Male) |
| 18:18 | Build | Stone Wall |
| 18:44 | Create | Villager (Male) |
| 19:41 | Build | Castle |
| 19:48 | Build | Castle |
| 19:52 | Build | House |
| 19:56 | Create | Villager (Male) |
| 19:56 | Create | Villager (Male) |
| 19:57 | Create | Villager (Male) |
| 19:57 | Create | Villager (Male) |
| 20:22 | Build | House |
| 20:26 | Build | House |
| 20:34 | Create | Villager (Male) |
| 21:13 | Build | House |
| 21:18 | Build | Stone Wall |
| 21:21 | Build | House |
| 21:22 | Build | House |
| 21:26 | Build | House |
| 21:28 | Build | House |
| 21:52 | Create | Villager (Male) |
| 21:52 | Create | Villager (Male) |
| 21:57 | Create | Villager (Male) |
| 21:58 | Create | Villager (Male) |
| 21:58 | Create | Villager (Male) |
| 22:27 | Create | Villager (Male) |
| 22:27 | Create | Villager (Male) |
| 22:37 | Create | Rattan Archer |
| 22:38 | Create | Rattan Archer |
| 22:38 | Create | Rattan Archer |
| 22:43 | Create | Rattan Archer |
| 22:44 | Create | Rattan Archer |
| 22:53 | Create | Villager (Male) |
| 22:53 | Create | Villager (Male) |
| 23:21 | Create | Villager (Male) |
| 23:43 | Create | Villager (Male) |
| 23:44 | Create | Villager (Male) |
| 24:15 | Create | Villager (Male) |
| 24:25 | Create | Villager (Male) |
| 24:34 | Create | Rattan Archer |
| 24:35 | Create | Rattan Archer |
| 24:50 | Create | Rattan Archer |
| 24:50 | Create | Rattan Archer |
| 24:50 | Create | Rattan Archer |
| 24:51 | Create | Rattan Archer |
| 24:51 | Create | Rattan Archer |
Match timeline
| 3:31 | -🆁- KFC · wall_segment Palisade Wall x18 |
| 4:01 | KEFÍRER · wall_segment Palisade Wall x2 |
| 4:34 | KEFÍRER · wall_segment Palisade Wall x2 |
| 4:42 | 害羞的橙子 · wall_segment Palisade Wall x1 |
| 5:24 | KEFÍRER · wall_segment Palisade Wall x2 |
| 6:36 | KEFÍRER · wall_segment Palisade Wall x4 |
| 6:59 | INghost · wall_segment Palisade Wall x6 |
| 7:01 | INghost · wall_segment Palisade Wall x5 |
| 7:34 | 害羞的橙子 · wall_segment Palisade Wall x5 |
| 8:48 | Big Lez · first_building Barracks |
| 9:27 | -🆁- KFC · first_building Barracks |
| 9:32 | LALOWMECAMBIO · wall_segment Palisade Wall x6 |
| 10:13 | KEFÍRER · age_up feudal |
| 10:32 | LALOWMECAMBIO · age_up feudal |
| 10:56 | RMXs | TheSpartan280 · age_up feudal |
| 11:03 | RMXs | TheSpartan280 · wall_segment Palisade Wall x1 |
| 11:04 | RMXs | TheSpartan280 · wall_segment Palisade Wall x1 |
| 11:20 | LALOWMECAMBIO · first_market_sell 100 wood |
| 11:20 | -🆁- KFC · age_up feudal |
| 11:21 | Big Lez · age_up feudal |
| 11:24 | -🆁- KFC · first_building Archery Range |
| 11:55 | INghost · age_up feudal |
| 12:08 | 害羞的橙子 · age_up feudal |
| 13:13 | RMXs | TheSpartan280 · first_building Barracks |
| 14:43 | LALOWMECAMBIO · age_up castle |
| 14:44 | RMXs | TheSpartan280 · first_building Stable |
| 15:30 | RMXs | TheSpartan280 · age_up castle |
| 15:39 | LALOWMECAMBIO · first_building Castle |
| 15:40 | KEFÍRER · age_up castle |
| 15:54 | LALOWMECAMBIO · wall_segment Palisade Wall x1 |
| 15:55 | INghost · age_up castle |
| 15:56 | LALOWMECAMBIO · wall_segment Palisade Wall x1 |
| 15:57 | KEFÍRER · first_market_sell 100 wood |
| 15:58 | KEFÍRER · first_market_buy 100 stone |
| 16:09 | KEFÍRER · first_building Castle |
| 16:19 | 害羞的橙子 · age_up castle |
| 16:49 | INghost · first_building Castle |
| 17:01 | 害羞的橙子 · wall_segment Stone Wall x17 |
| 17:11 | Big Lez · age_up castle |
| 18:04 | 害羞的橙子 · wall_segment Stone Wall x6 |
| 18:18 | 害羞的橙子 · wall_segment Stone Wall x1 |
| 18:46 | Big Lez · first_building Stable |
| 18:50 | Agus Talleres 2 · first_building Barracks |
| 19:11 | 害羞的橙子 · first_market_buy 100 stone |
| 19:12 | 害羞的橙子 · first_market_sell 100 food |
| 19:25 | Agus Talleres 2 · first_building Monastery |
| 19:40 | -🆁- KFC · first_market_buy 100 food |
| 19:41 | 害羞的橙子 · first_building Castle |
| 19:42 | -🆁- KFC · first_market_sell 100 wood |
| 20:38 | LALOWMECAMBIO · first_market_buy 100 food |
| 21:18 | 害羞的橙子 · wall_segment Stone Wall x1 |
| 22:31 | -🆁- KFC · age_up castle |
| 23:08 | KEFÍRER · wall_segment Stone Wall x1 |
| 23:12 | KEFÍRER · age_up imperial |
| 23:17 | KEFÍRER · first_building Siege Workshop |
| 23:33 | KEFÍRER · wall_segment Stone Wall x8 |
| 24:01 | KEFÍRER · wall_segment Stone Wall x3 |
| 24:37 | INghost · first_building Barracks |
| 24:52 | Big Lez · first_building Archery Range |
| 25:10 | LALOWMECAMBIO · first_building Siege Workshop |
| 25:24 | Agus Talleres 2 · first_market_buy 100 stone |
| 25:37 | INghost · first_building Stable |
| 25:45 | Agus Talleres 2 · first_building Castle |
| 26:14 | INghost · first_market_sell 100 wood |
| 27:58 | -🆁- KFC · first_building Siege Workshop |
| 28:28 | Big Lez · first_building Castle |
| 29:08 | RMXs | TheSpartan280 · first_market_sell 100 wood |
| 29:48 | KEFÍRER · first_building Barracks |
| 30:54 | KEFÍRER · first_building Archery Range |
| 31:59 | RMXs | TheSpartan280 · first_building Monastery |
| 34:08 | INghost · first_building Siege Workshop |
| 34:40 | INghost · age_up imperial |
| 34:48 | INghost · first_market_buy 500 stone |
| 35:00 | INghost · wall_segment Stone Wall x3 |
| 35:25 | LALOWMECAMBIO · wall_segment Stone Wall x1 |
| 35:26 | LALOWMECAMBIO · wall_segment Stone Wall x1 |
| 35:26 | LALOWMECAMBIO · wall_segment Stone Wall x1 |
| 35:27 | LALOWMECAMBIO · wall_segment Stone Wall x1 |
| 35:36 | LALOWMECAMBIO · wall_segment Stone Wall x1 |
| 35:40 | LALOWMECAMBIO · wall_segment Stone Wall x6 |
| 36:27 | RMXs | TheSpartan280 · age_up imperial |
| 36:52 | 害羞的橙子 · age_up imperial |
| 37:03 | Agus Talleres 2 · first_building Stable |
| 39:01 | RMXs | TheSpartan280 · tribute_sent a jugador 1 |
| 39:01 | RMXs | TheSpartan280 · tribute_sent a jugador 2 |
| 39:01 | RMXs | TheSpartan280 · tribute_sent a jugador 4 |
| 39:01 | RMXs | TheSpartan280 · tribute_sent a jugador 5 |
| 39:01 | RMXs | TheSpartan280 · tribute_sent a jugador 6 |
| 39:01 | RMXs | TheSpartan280 · tribute_sent a jugador 7 |
| 39:01 | RMXs | TheSpartan280 · tribute_sent a jugador 8 |
| 39:55 | LALOWMECAMBIO · first_building Barracks |
| 40:37 | LALOWMECAMBIO · first_building Stable |
| 41:35 | 害羞的橙子 · resign |
[ AI ANALYSIS · 1 CREDIT ]
What really happened in this match?
Wolo.gg analyzes every decision: build order, eco, micro, common mistakes by bracket. Personalized analysis on WhatsApp or Discord in 30 seconds.
Civ guide
Spanish
Map guide
Glade
Perfil
LALOWMECAMBIO